 Dungeon Crawl Stone Soup version 0.29.1-2-gbd0b4ee654 (webtiles) character file.

Game seed: 6930488492999319331

72 RUZZLEFAZAZZLE the Shield-Bearer (level 4, -4/41 HPs)
             Began as a Gnoll Fighter on Nov 26, 2022.
             Slain by an orc
             ... wielding a +0 trident
              (7 damage)
             ... on level 2 of the Dungeon.
             The game lasted 00:04:21 (1476 turns).

RUZZLEFAZAZZLE the Shield-Bearer (Gnoll Fighter)    Turns: 1476, Time: 00:04:21

Health: -4/41      AC: 14    Str: 17    XL:     4   Next: 25%
Magic:  5/5        EV:  5    Int:  8    God:
Gold:   148        SH:  5    Dex: 11    Spells: 5/5 levels left

rFire   . . .      SeeInvis .   m - +0 hand axe
rCold   . . .      Faith    .   c - +0 buckler
rNeg    . . .      Spirit   .   e - +1 plate armour
rPois   .          Reflect  .   (no helmet)
rElec   .          Harm     .   (no cloak)
rCorr   .          Rampage  .   (no gloves)
Will    .....                   (no boots)
Stlth   ..........              (no amulet)
HPRegen 0.13/turn               (no ring)
MPRegen 0.09/turn               (no ring)

@: hasted, very quick
A: fangs 1, strong nose, distributed training
a: no special abilities


You were on level 2 of the Dungeon.
You visited 1 branch of the dungeon, and saw 3 of its levels.

You collected 148 gold pieces.

Inventory:

Hand Weapons
 a - a +0 war axe
 m - a +0 hand axe (weapon)
Missiles
 h - 4 javelins (quivered)
Armour
 c - a +0 buckler (worn)
 e - a +1 plate armour (worn)
 n - an orb of wrath
Jewellery
 l - a +6 ring of strength
Scrolls
 f - a scroll of identify
 g - 3 scrolls of amnesia
 i - a scroll of teleportation {unknown}
 q - a scroll of poison {unknown}
 r - a scroll of silence {unknown}
 s - a scroll of blinking {unknown}
 t - a scroll of torment {unknown}
Potions
 d - a potion of might


   Skills:
 + Level 6.6 Fighting
 + Level 1.1 Short Blades
 + Level 1.1 Long Blades
 + Level 4.6 Axes
 + Level 1.1 Maces & Flails
 + Level 1.1 Polearms
 + Level 1.1 Staves
 + Level 1.1 Ranged Weapons
 + Level 1.1 Throwing
 + Level 6.6 Armour
 + Level 1.1 Dodging
 + Level 1.1 Stealth
 + Level 6.6 Shields
 + Level 1.1 Unarmed Combat
 + Level 1.1 Spellcasting
 + Level 0.9 Conjurations
 + Level 0.9 Hexes
 + Level 0.9 Summonings
 + Level 0.9 Necromancy
 + Level 0.9 Translocations
 + Level 0.9 Transmutations
 + Level 0.9 Fire Magic
 + Level 0.9 Ice Magic
 + Level 0.9 Air Magic
 + Level 0.9 Earth Magic
 + Level 0.9 Poison Magic
 + Level 1.2 Invocations
 + Level 1.1 Evocations


You had 5 spell levels left.
You didn't know any spells.
Your spell library contained the following spells:

 Spells                   Type           Power      Damage    Failure   Level
 Scorch                   Fire           2%         2d5       100%        2
 Confusing Touch          Hex            1%         N/A       100%        3
 Flame Wave               Conj/Fire      1%         2d4       100%        4
 Yara's Violent Unravell  Hex/Tmut       0%         3d3       100%        5
 Summon Cactus Giant      Summ           0%         N/A       100%        6
 Enfeeble                 Hex            0%         N/A       100%        7


Dungeon Overview and Level Annotations

Branches:
Dungeon (3/15)

Altars:


Innate Abilities, Weirdness & Mutations

You have very sharp teeth.
Your uncanny sense of smell can sniff out nearby items.
Your experience applies equally to all skills.


Message History

You block the orc priest's attack. The orc priest is attracted toward you.
The orc is attracted toward you. x2
The orc priest is attracted toward you. The orc is attracted toward you. x2
The orc priest calls down the wrath of Beogh upon you.
Pain shoots through your body!
* * * LOW HITPOINT WARNING * * *
The orc priest is attracted toward you. The orc is attracted toward you.
The orc priest begins to cast a cantrip, but forgets the words!
The orc priest is attracted toward you. The orc is attracted toward you. x2
The orc priest is attracted toward you. The orc is attracted toward you. x2
The orc priest begins to cast a cantrip, but forgets the words!
The orc priest is attracted toward you. The orc is attracted toward you.
The orc priest is attracted toward you. The orc is attracted toward you.
The orc priest is attracted toward you. The orc is attracted toward you.
The orc is attracted toward you. The orc priest is attracted toward you.
The orc is attracted toward you. x2
The orc priest looks satisfied for a moment.
The orc priest is attracted toward you. The orc is attracted toward you.
The orc priest is attracted toward you. The orc is attracted toward you.
The orc priest looks braver for a moment.
The orc is attracted toward you. The orc is attracted toward you.
The orc priest is attracted toward you.
The orc hits you from afar with a +0 trident.
* * * LOW HITPOINT WARNING * * *
The orc is attracted toward you.
There is an escape hatch in the ceiling here.
The orc hits you but does no damage. A mysterious force pulls you upwards.
The hatch slams shut behind you.
You hit the orc but do no damage. You closely miss the orc. You bite the orc.
The orc is lightly wounded.
The orc barely misses you.
You feel less attractive to monsters.
You closely miss the orc. Your bite misses the orc.
The orc is lightly wounded.
The orc hits you but does no damage.
You hit the orc.
The orc is severely wounded.
The orc hits you with a +0 trident!
You die...

####### ##.....##
##.......## #.........#
#.........# #.........# ##
#......o..# .#
####.......@.##########
.#####.###.......###..[....#
..................##.......#
..####.....................#
..................##.......#
.##..†#...........##.......#
.##.###...........##.......#
..#.# ####.......###########
...[# #........##########


You could see an orc.

Vanquished Creatures
  2 worms
  A dart slug (D:1)
  2 orcs (D:3)
  8 bats
  8 endoplasms
  2 giant cockroaches (D:2)
  7 goblins
  7 hobgoblins
  3 jackals (D:2)
  7 ball pythons
  3 frilled lizards
  A kobold (D:2)
  6 rats
57 creatures vanquished.

Notes
Turn   | Place    | Note
-------+----------+-------------------------------------------
     0 | D:1      | RUZZLEFAZAZZLE the Gnoll Fighter began the quest for the
                  | Orb.
     0 | D:1      | Reached XP level 1. HP: 23/23 MP: 1/1
   143 | D:1      | Reached XP level 2. HP: 29/29 MP: 2/2
   395 | D:1      | Reached XP level 3. HP: 35/35 MP: 3/3
   525 | D:1      | Found a faded altar of an unknown god.
   679 | D:2      | Reached skill level 1 in Invocations
   802 | D:2      | Reached skill level 1 in Short Blades
   802 | D:2      | Reached skill level 1 in Long Blades
   802 | D:2      | Reached skill level 1 in Maces & Flails
   802 | D:2      | Reached skill level 1 in Polearms
   802 | D:2      | Reached skill level 1 in Staves
   802 | D:2      | Reached skill level 1 in Ranged Weapons
   802 | D:2      | Reached skill level 1 in Throwing
   802 | D:2      | Reached skill level 1 in Dodging
   802 | D:2      | Reached skill level 1 in Stealth
   802 | D:2      | Reached skill level 1 in Unarmed Combat
   802 | D:2      | Reached skill level 1 in Spellcasting
   802 | D:2      | Reached skill level 1 in Evocations
  1128 | D:3      | Reached XP level 4. HP: 41/41 MP: 5/5
  1476 | D:2      | Slain by an orc

Illustrated notes

Levels and vault maps discovered:
D:1:      dpeg_arrival_lava_temple_mockup, layout_rooms,
          hellmonk_ecumenical_altar_heavens_door
D:2:      layout_rooms
D:3:      minmay_door_path, layout_basic

Skill      XL: |  1  2  3 |
---------------+----------+-----
Invocations    | 1 |  1.2
Short Blades   | 1 |  1.1
Long Blades    | 1 |  1.1
Maces & Flails | 1 |  1.1
Polearms       | 1 |  1.1
Staves         | 1 |  1.1
Ranged Weapons | 1 |  1.1
Throwing       | 1 |  1.1
Dodging        | 1 |  1.1
Stealth        | 1 |  1.1
Unarmed Combat | 1 |  1.1
Spellcasting   | 1 |  1.1
Evocations     | 1 |  1.1
Fighting       | |  6.6
Axes           | |  4.6
Armour         | |  6.6
Shields        | |  6.6
Conjurations   | |  0.9
Hexes          | |  0.9
Summonings     | |  0.9
Necromancy     | |  0.9
Translocations | |  0.9
Transmutations | |  0.9
Fire Magic     | |  0.9
Ice Magic      | |  0.9
Air Magic      | |  0.9
Earth Magic    | |  0.9
Poison Magic   | |  0.9

Action                   |  1- 3 |  4- 6 || total
-------------------------+-------+-------++-------
Melee: War axe           |    36 |       ||    36
       Bite              |    13 |     7 ||    20
       Hand axe          |    82 |    38 ||   120
  Use: Scroll            |     6 |       ||     6
       Potion            |       |     3 ||     3
Armor: Plate armour      |    79 |    22 ||   101
Dodge: Dodged            |    21 |    11 ||    32
Block: Buckler           |    36 |     9 ||    45
